 Dungeon Crawl Stone Soup version 0.18-a0-1764-gf4ddf0b (webtiles) character file.

2265 Moloch the Cleaver (level 9, 0/108 HPs)
             Began as a Minotaur Berserker on Apr 13, 2016.
             Was an Elder of Trog.
             Slain by a basilisk (4 damage)
             ... on level 7 of the Dungeon.
             The game lasted 00:09:14 (5660 turns).

Moloch the Cleaver (Minotaur Berserker)             Turns: 5660, Time: 00:09:15

Health: 0/108      AC: 10    Str: 27    XL:     9   Next: 16%
Magic:  8/8        EV:  2    Int:  4    God:    Trog [****..]
Gold:   415        SH:  0    Dex: 13    Spells: 0 memorised, 8 levels left

rFire  . . .     SeeInvis .     I - +0 battleaxe
rCold  + . .     Gourm    .     y - +1 chain mail {rC+}
rNeg   + + +     Faith    +     (shield currently unavailable)
rPois  ∞         Spirit   .     (helmet restricted)
rElec  .         Dismiss  .     p - +0 cloak {+Inv}
rCorr  .         Reflect  .     (no gloves)
SustAt .         Harm     .     (no boots)
MR     .....                    E - amulet of faith
Stlth  ..........               (no ring)
                                C - +3 ring of evasion

@: berserking (expiring), petrified, not resistant to hostile enchantments,
extremely unstealthy
A: retaliatory headbutt, horns 2
a: Berserk, Trog's Hand, Brothers in Arms, Burn Spellbooks, Renounce Religion,
Evoke Invisibility


You were on level 7 of the Dungeon.
You worshipped Trog.
Trog was greatly pleased with you.
You were not hungry.

You visited 1 branch of the dungeon, and saw 8 of its levels.

You collected 415 gold pieces.

Inventory:

Hand Weapons
 I - a +0 battleaxe (weapon)
Missiles
 D - 2 throwing nets (quivered)
Armour
 p - a +0 cloak of invisibility (worn)
 y - a +1 chain mail of cold resistance (worn)
Jewellery
 C - a +3 ring of evasion (left hand)
 E - an amulet of faith (around neck)
Wands
 a - a wand of polymorph (17/24)
 q - a wand of hasting (5/9)
 F - a wand of flame (30/48)
Scrolls
 e - 2 scrolls of remove curse {unknown}
 f - 2 scrolls of noise {unknown}
 g - 2 scrolls of recharging {unknown}
 h - a scroll of fear {unknown}
 i - 4 scrolls of teleportation {unknown}
 k - a scroll of immolation {unknown}
 m - 6 scrolls of identify {unknown}
 n - 2 scrolls of fog {unknown}
 t - 2 scrolls of random uselessness {unknown}
 A - a scroll of enchant weapon {unknown}
Potions
 b - a potion of might {unknown}
 d - a potion of lignification {unknown}
 l - 3 potions of degeneration {unknown}
 o - a potion of flight {unknown}
 r - a potion of brilliance {unknown}
 s - a potion of resistance {unknown}
 u - a potion of ambrosia {unknown}
 v - 2 potions of agility {unknown}
 w - 3 potions of cure mutation {unknown}
 x - a potion of mutation {unknown}
 z - 2 potions of haste {unknown}
 B - a potion of curing {unknown}
 G - 2 potions of magic {unknown}
Comestibles
 c - 7 bread rations
 j - a meat ration
 H - 2 beef jerkies
 J - 4 chunks of flesh


   Skills:
 - Level 4.7 Fighting
 * Level 14.0 Axes
 - Level 2.4 Armour
 - Level 2.1 Dodging


You had 8 spell levels left.
You didn't know any spells.

Dungeon Overview and Level Annotations

Branches:
Dungeon (8/15)             Temple (0/1) D:4            Lair (0/8) D:8

Altars:
Dithmenos
Qazlal
Vehumet

Shops:
D:7 *


Innate Abilities, Weirdness & Mutations

You reflexively headbutt those who attack you in melee.
You have a pair of horns on your head.


Message History

The basilisk bites you.
* * * LOW HITPOINT WARNING * * *
The yak gores you.
* * * LOW HITPOINT WARNING * * *
Your limbs are stiffening.
You slice the yak!!
You kill the yak!
Trog accepts your kill.
Your Axes skill increases to level 14!
You barely miss the basilisk.
The basilisk is moderately wounded.
The basilisk bites you!
* * * LOW HITPOINT WARNING * * *
You closely miss the basilisk. Your headbutt misses the basilisk.
The basilisk is moderately wounded.
The basilisk closely misses you.
You have turned to stone.
The basilisk bites you!
* * * LOW HITPOINT WARNING * * *
The basilisk bites you!
You die...

##### ##.........## #...###.#
....### ##.........###.......##
......## ##........##..#..##....
####...####.........#####...#.#.#
##..............## #.#........
#....#######...# ##........#
#####.#### #......#####.........
......# ###.......##.........
......# #..l@...............#
#####.## ####...†#............#.
#..# #....#.#.#............. #..#
##....##..#..####......
#..####..###.#.....###.......
####...#....###..#..............
##.........#..##.#.<#.....)......
.<.#####...####.........##)......
#### #...####..#.......#).#..##


You could see a basilisk.

Vanquished Creatures
  Grinder (D:3)
  Sigmund (D:2)
  2 yaks (D:7)
  A basilisk (D:7)
  Menkaure (D:7)
  A porcupine (D:7)
  2 ice beasts
  An orc warrior (D:7)
  A centaur (D:3)
  2 giant frogs
  A howler monkey (D:5)
  A crimson imp (D:6)
  A wasp zombie (D:5)
  A hound (D:5)
  3 orc priests
  7 orc wizards
  Crazy Yiuf (D:2)
  Jessica (D:2)
  3 worker ants
  A worker ant zombie (D:6)
  Robin (D:2)
  5 adders
  A river rat (D:8)
  2 shadow imps (D:5)
  An adder skeleton (D:7)
  A worm (D:3)
  4 dart slugs
  3 giant geckos
  23 orcs
  3 ball pythons
  A bat (D:2)
  7 giant cockroaches
  16 goblins
  12 hobgoblins
  7 jackals
  4 quokkas
  5 giant newts
  7 kobolds
  5 rats
141 creatures vanquished.

Notes
Turn   | Place    | Note
--------------------------------------------------------------
     0 | D:1      | Moloch the Minotaur Berserker began the quest for the Orb.
     0 | D:1      | Reached XP level 1. HP: 19/19 MP: 0/0
    20 | D:1      | Reached skill level 4 in Axes
   214 | D:1      | Reached XP level 2. HP: 21/26 MP: 1/1
   561 | D:1      | Reached skill level 5 in Axes
   678 | D:1      | Reached XP level 3. HP: 20/31 MP: 2/2
   872 | D:2      | Reached ** piety under Trog
   916 | D:2      | Noticed Jessica
   927 | D:2      | Killed Jessica
   957 | D:2      | Noticed Robin
   979 | D:2      | Killed Robin
   979 | D:2      | Reached skill level 6 in Axes
   979 | D:2      | Reached XP level 4. HP: 39/39 MP: 3/3
  1081 | D:2      | Noticed Sigmund
  1103 | D:2      | Killed Sigmund
  1103 | D:2      | Reached skill level 8 in Axes
  1103 | D:2      | Reached XP level 5. HP: 28/45 MP: 4/4
  1203 | D:2      | Noticed Crazy Yiuf
  1208 | D:2      | Killed Crazy Yiuf
  1208 | D:2      | Reached XP level 6. HP: 51/51 MP: 5/5
  1440 | D:2      | Found a shadowy altar of Dithmenos.
  1440 | D:2      | Found a stormy altar of Qazlal.
  1897 | D:3      | Reached *** piety under Trog
  1974 | D:3      | Reached skill level 9 in Axes
  2155 | D:3      | Noticed Grinder
  2162 | D:3      | Killed Grinder
  2162 | D:3      | Reached skill level 10 in Axes
  2162 | D:3      | Reached XP level 7. HP: 57/57 MP: 6/6
  2616 | D:4      | Found a staircase to the Ecumenical Temple.
  3219 | D:5      | Entered Level 5 of the Dungeon
  3412 | D:5      | Reached skill level 11 in Axes
  3478 | D:5      | Reached XP level 8. HP: 65/66 MP: 7/7
  3501 | D:5      | Reached **** piety under Trog
  4226 | D:6      | Reached skill level 12 in Axes
  4366 | D:6      | Found a radiant altar of Vehumet.
  4991 | D:7      | Noticed Menkaure
  4993 | D:7      | Found Ekhlymp's Assorted Antiques.
  4996 | D:7      | Killed Menkaure
  5601 | D:8      | Found a staircase to the Lair.
  5606 | D:7      | Reached skill level 13 in Axes
  5654 | D:7      | Reached XP level 9. HP: 33/72 MP: 8/8
  5657 | D:7      | Reached skill level 14 in Axes
  5659 | D:7      | HP: 3/108 [basilisk (4)]
  5660 | D:7      | Slain by a basilisk

Vault maps used:
D:1:      dpeg_arrival_round_a
D:2:      gammafunk_temple_overflow_statue, uniq_robin, uniq_jessica,
          uniq_crazy_yiuf_cottage, uniq_sigmund
D:3:      first_bread, uniq_grinder
D:4:      temple_fountains
D:6:      vehumet_altar_wand_db
D:7:      serial_shops, shop, uniq_menkaure
D:8:      minmay_lair_entry_grove

Skill      XL: |  1  2  3  4  5  6  7  8  9 |
---------------+----------------------------+-----
Axes           | 4 5 6 8 10 11 13 14 | 14.0
Fighting       | 4 |  4.7
Armour         | |  2.4
Dodging        | |  2.1

Action                   |  1- 3 |  4- 6 |  7- 9 || total
-------------------------+-------+-------+-------++-------
Melee: Hand axe          |    67 |    82 |   218 ||   367
       Headbutt          |    13 |     9 |    40 ||    62
       Battleaxe         |       |       |    22 ||    22
Invok: Berserk           |     1 |     4 |     4 ||     9
 Stab: Sleeping          |       |     1 |       ||     1
  Eat: Chunk             |       |     8 |    14 ||    22
       Fruit             |       |       |     2 ||     2
Armor: Animal skin       |    13 |     8 |       ||    21
       Ring mail         |       |     6 |       ||     6
       Chain mail        |       |     1 |   102 ||   103
Dodge: Dodged            |    41 |    36 |    78 ||   155
